 Dungeon Crawl Stone Soup version 0.29.1-15-g9cfb28693d (webtiles) character file.

Game seed: 12320381406950771842

1244 safid the Chiller (level 8, -2/63 HPs)
             Began as a Merfolk Ice Elementalist on Apr 14, 2023.
             Slain by an orc
             ... wielding a +3 short sword
              (6 damage)
             ... on level 6 of the Dungeon.
             The game lasted 00:11:48 (6181 turns).

safid the Chiller (Merfolk Ice Elementalist)        Turns: 6181, Time: 00:11:49

Health: -2/63      AC:  2    Str:  8    XL:     8   Next: 50%
Magic:  7/15       EV: 12    Int: 16    God:
Gold:   305        SH:  0    Dex: 15    Spells: 6/17 levels left

rFire   . . .      SeeInvis .   o - staff of cold
rCold   + . .      Faith    .   (no shield)
rNeg    . . .      Spirit   .   a - +0 robe
rPois   .          Reflect  .   (no helmet)
rElec   .          Harm     .   (no cloak)
rCorr   .          Rampage  .   (no gloves)
Will    .....                   (no boots)
Stlth   ++........              (no amulet)
HPRegen 0.20/turn               (no ring)
MPRegen 0.14/turn               (no ring)

@: no status effects
A: (nimble swimmer 2), mertail
a: no special abilities


You were on level 6 of the Dungeon.
You visited 1 branch of the dungeon, and saw 6 of its levels.
You also visited: Sewer.

You collected 305 gold pieces.

Inventory:

Armour
 a - a +0 robe (worn)
Magical Staves
 o - a staff of cold (weapon)
Jewellery
 g - a ring of fire
Wands
 m - a wand of flame (42)
Scrolls
 c - 2 scrolls of teleportation
 j - a scroll of summoning
 k - a scroll of butterflies
 n - a scroll of blinking {unknown}
 p - a scroll of immolation {unknown}
 u - a scroll of fear {unknown}
Potions
 b - a potion of magic
 e - 2 potions of lignification {unknown}
 f - a potion of curing {unknown}
 h - a potion of heal wounds
 i - a potion of might
 l - a potion of haste {unknown}
 q - a potion of experience {unknown}
 r - a potion of mutation {unknown}
 s - a potion of invisibility {unknown}
 t - a potion of resistance {unknown}
 v - a potion of attraction {unknown}


   Skills:
 + Level 5.5 Fighting
 - Level 2.6 Dodging
 - Level 2.1 Stealth
 + Level 5.1 Spellcasting
 + Level 7.2 Ice Magic
 + Level 3.7 Evocations


You had 6 spell levels left.
You knew the following spells:

 Your Spells              Type           Power      Damage    Failure   Level
a - Freeze                Ice            100%       1d11      1%          1
b - Frozen Ramparts       Ice            82%        1d13      2%          3
c - Ozocubu's Armour      Ice            41%        N/A       2%          3
d - Hailstorm             Conj/Ice       23%        3d7       32%         4

Your spell library contained the following spells:

 Spells                   Type           Power      Damage    Failure   Level
 Blink                    Tloc           8%         N/A       22%         2
 Ignite Poison            Fire/Tmut/Pois 4%         N/A       41%         3
 Lesser Beckoning         Tloc           4%         N/A       41%         3
 Mephitic Cloud           Conj/Pois/Air  4%         N/A       41%         3
 Freezing Cloud           Conj/Ice/Air   8%         6-21      83%         5
 Manifold Assault         Tloc           4%         N/A       99%         5


Dungeon Overview and Level Annotations

Branches:
Dungeon (6/15)              Sewer (visited)
 Temple: D:4-7

Altars:
Dithmenos
Makhleb
Ru
Yredelemnul

Shops:
D:1 [


Innate Abilities, Weirdness & Mutations

((You are very nimble when in or above water. (Stealth+, EV+, Speed+++)))
Your lower body shifts to a powerful aquatic tail in water.


Message History

Confirm with . or Enter, or press ? or * to list all spells.
Casting: Frozen Ramparts (dangerous; 2% risk of failure)
Press: ? - help, Dir - look around, f - activate You feel a surge of power!
The walls around you are covered in ice.
The wall freezes the adder!
Unknown command.
The wall freezes the adder.
You kill the adder!
The wall freezes the orc priest but does no damage.
The orc priest looks encouraged for a moment.
The wall freezes the orc priest.
The orc priest mumbles some strange prayers to Beogh against you.
You struggle to resist.
The wall freezes the orc priest!
You kill the orc priest!
The wall freezes the orc.
The wall freezes the orc!
You kill the orc!
The orc shouts!
The frozen ramparts melt away.
You are too injured to fight recklessly!
Unknown command.
You are too injured to fight recklessly!
You are too injured to fight recklessly!
You are too injured to fight recklessly!
You hit the orc but do no damage. The orc hits you with a +3 short sword.
* * * LOW HITPOINT WARNING * * *
Unknown command.
You hit the orc but do no damage. You freeze the orc.
The orc is moderately wounded.
The orc hits you with a +3 short sword!
* * * LOW HITPOINT WARNING * * *
Unknown command.
You hit the orc but do no damage.
The orc is moderately wounded.
The orc hits you with a +3 short sword.
* * * LOW HITPOINT WARNING * * *
The orc hits you with a +3 short sword.
You die...

#. .### ...# ...#
##+ #..###
#..###....# #....#
#.##.# #@##.#
####### #o##.#
#...... #)##.#
#...... #)##)#
#...... #'##.#
#...... <..#.#
#...<..
....#.#######......
#....#....).........
+....####...#.######


You could see an orc.

Vanquished Creatures
  Duvessa (D:4)
  An orc warrior (D:6)
  A centaur (D:5)
  2 ogres (D:5)
  A phantom (D:5)
  A scorpion (D:5)
  Dowan (D:4)
  3 orc priests
  2 hounds (D:4)
  5 jellies
  An iguana (D:3)
  Natasha (twice) (D:3)
  2 orc wizards (D:6)
  7 adders
  2 ufetubi
  3 worms
  3 dart slugs
  8 orcs
  9 ball pythons
  7 bats
  16 endoplasms
  12 giant cockroaches
  7 goblins
  6 hobgoblins
  8 jackals
  6 kobolds
  3 quokkas
  5 frilled lizards
  8 rats
  A spectral kobold (D:2)
134 creatures vanquished.

Notes
Turn   | Place    | Note
-------+----------+-------------------------------------------
     0 | D:1      | safid the Merfolk Ice Elementalist began the quest for the
                  | Orb.
     0 | D:1      | Reached XP level 1. HP: 13/13 MP: 3/3
   161 | D:1      | Reached XP level 2. HP: 20/20 MP: 0/5
   333 | D:1      | Reached skill level 1 in Fighting
   552 | D:1      | Reached XP level 3. HP: 21/26 MP: 2/6
   644 | D:1      | Found Catuttit's Armour Shop.
   880 | D:1      | Learned a level 3 spell: Frozen Ramparts
   884 | D:1      | Learned a level 3 spell: Ozocubu's Armour
  1736 | D:2      | Reached skill level 5 in Ice Magic
  1909 | D:2      | Reached XP level 4. HP: 17/33 MP: 3/8
  2337 | D:2      | Found a faded altar of an unknown god.
  2785 | D:3      | Reached XP level 5. HP: 36/39 MP: 5/9
  2825 | D:3      | Noticed Natasha
  2829 | D:3      | Killed Natasha
  3131 | D:3      | Noticed Natasha
  3139 | D:3      | Killed Natasha
  3416 | D:4      | Found a glowing drain.
  3440 | Sewer    | Entered a sewer
  3591 | Sewer    | Reached XP level 6. HP: 43/47 MP: 7/11
  3729 | Sewer    | Found a viscous altar of Jiyva.
  3769 | Sewer    | Reached skill level 1 in Evocations
  3826 | Sewer    | Learned a level 4 spell: Hailstorm
  3906 | Sewer    | Reached skill level 6 in Ice Magic
  4041 | D:4      | Found a shadowy altar of Dithmenos.
  4042 | D:4      | Found a basalt altar of Yredelemnul.
  4323 | D:4      | Noticed Duvessa
  4323 | D:4      | Noticed Dowan
  4336 | D:4      | Killed Dowan
  4337 | D:4      | Killed Duvessa
  4338 | D:4      | Reached XP level 7. HP: 41/54 MP: 0/13
  4688 | D:4      | Found a burning altar of Makhleb.
  4924 | D:5      | Entered Level 5 of the Dungeon
  5308 | D:5      | Found a sacrificial altar of Ru.
  5511 | D:5      | Reached XP level 8. HP: 56/61 MP: 12/15
  5590 | D:5      | Reached skill level 5 in Fighting
  5630 | D:5      | Reached skill level 7 in Ice Magic
  6122 | D:6      | Reached skill level 5 in Spellcasting
  6181 | D:6      | Slain by an orc

Illustrated notes

Levels and vault maps discovered:
D:1:      dpeg_arrival_short_road, layout_rooms, serial_shops,
          nicolae_shop_crystal, minmay_box_of_dots
D:2:      layout_basic, dreamdust_ecumenical_altar_drowned_temple
D:3:      layout_basic, nicolae_concentric_dashed_squares_wild, uniq_natasha
D:4:      layout_gridville, gammafunk_temple_overflow_statue,
          makhleb_blood_cavern_becter, portal_sewer_entry_f, uniq_duvessa
D:5:      layout_rooms, amcnicky_altar_gilded
D:6:      gammafunk_steamed_eel, layout_basic, minmay_temple_entry_fiery,
          chequers_ossuary_entry_cave, st_stairs_8

Skill      XL: |  1  2  3  4  5  6  7  8 |
---------------+-------------------------+-----
Fighting       | 1 2 3 4 5 |  5.5
Ice Magic      | 5 6 7 |  7.2
Spellcasting   | 3 4 5 |  5.1
Evocations     | 1 2 3 |  3.7
Dodging        | |  2.6
Stealth        | |  2.1

Action                   |  1- 3 |  4- 6 |  7- 9 || total
-------------------------+-------+-------+-------++-------
Melee: Unarmed           |    13 |       |       ||    13
       Dagger            |    34 |    11 |       ||    45
       Punch             |     1 |       |     2 ||     3
       Staff             |       |    64 |    68 ||   132
       Tailslap          |       |     6 |       ||     6
 Cast: Freeze            |    61 |    41 |    10 ||   112
       Frozen Ramparts   |       |    13 |    12 ||    25
       Ozocubu's Armour  |       |       |     8 ||     8
  Use: Potion            |       |       |     2 ||     2
       Scroll            |       |       |     3 ||     3
 Stab: Sleeping          |     2 |       |     1 ||     3
Armor: Robe              |    23 |    16 |    22 ||    61
Dodge: Dodged            |    69 |    72 |    73 ||   214
